Map: Cyber Forest LE

Players

MarineLorD - Winner!

  • Race: Terran Terran
  • League: Grandmaster
  • Spawn Location: 5:00

llllllllllll (Oliveira)

  • Race: Terran Terran
  • League: Master
  • Spawn Location: 11:00

Event: 2019 Assembly Summer

VOD

Have the link to the VOD?

Description

Time

  • Played on: Aug. 1, 2019, 12:28 p.m.
  • Length: 9:50

All games in this series

Show
View Real Time Build Order
Export as new Build Order

MarineLorD Terran - Winner!

Build Orders:  

Get SALT Encoding   

  12  0:00  SCV  
  13  0:12  SCV  
  14  0:17  Supply Depot  
  14  0:24  SCV  
  15  0:39  SCV  
  16  0:42  Barracks  
  16  0:47  Refinery  
  16  0:51  SCV  
  17  1:06  Barracks  
  17  1:08  SCV  
  18  1:20  SCV  
  19  1:32  Orbital Command  
  19  1:37  Supply Depot  
  19  1:42  Barracks Tech Lab  
  19  1:58  SCV  
  19  2:00  Concussive Shells, Refinery, Marauder  
  22  2:07  Barracks Tech Lab  
  22  2:10  SCV  
  23  2:21  Supply Depot  
  23  2:22  Marauder, SCV  
  26  2:26  Marauder  
  28  2:34  SCV  
  29  2:43  Marauder  
  31  2:46  SCV  
  31  2:47  Marauder  
  34  2:54  Factory  
  34  2:58  SCV  
  33  3:11  SCV  
  32  3:13  Marauder  
  32  3:23  Marauder, SCV  
  33  3:34  Marauder  
  33  3:35  SCV  
  33  3:38  Factory Tech Lab  
  33  3:39  Starport  
  32  3:44  Marauder  
  34  3:51  Supply Depot  
  34  3:52  SCV  
  35  3:56  Marauder  
  37  4:04  SCV  
  36  4:12  Cyclone  
  39  4:19  SCV  
  36  4:29  Liberator  
  36  4:36  Supply Depot  
  36  4:40  Command Center  
  36  4:44  Siege Tank  
  39  4:47  SCV  
  41  4:59  SCV  
  42  5:11  Refinery, SCV  
  43  5:23  SCV  
  43  5:25  Factory Tech Lab  
  43  5:26  Command Center  
  44  5:35  SCV  
  45  5:40  Raven  
  47  5:47  Siege Tank  
  47  5:48  SCV  
  51  5:51  Orbital Command  
  51  5:56  Refinery  
  51  6:00  SCV  
  52  6:10  Barracks Reactor  
  52  6:12  SCV  
  52  6:15  Barracks  
  52  6:16  Barracks  
  54  6:18  SCV  
  54  6:24  Raven  
  54  6:25  SCV  
  57  6:30  SCV  
  57  6:31  Supply Depot, Engineering Bay  
  58  6:34  Engineering Bay  
  58  6:35  Siege Tank  
  58  6:37  SCV  
  63  6:42  SCV  
  63  6:45  Orbital Command  
  63  6:48  Marine x2  
  63  6:49  SCV  
  63  6:52  Supply Depot  
  66  6:54  SCV  
  66  6:57  Terran Infantry Weapons Level 1  
  66  6:59  Terran Infantry Armor Level 1  
  67  7:01  SCV  
  67  7:03  Orbital Command  
  67  7:04  Barracks Reactor x2  
  67  7:07  SCV  
  69  7:13  SCV  
  70  7:18  Marine  
  70  7:19  Viking x2, SCV  
  76  7:28  SCV x2  
  78  7:31  SCV  
  78  7:35  Marine  
  80  7:40  SCV  
  80  7:42  SCV  
  80  7:43  SCV  
  80  7:44  Marine x4  
  85  7:47  Supply Depot  
  85  7:49  Supply Depot, Viking x2  
  91  7:52  Siege Tank  
  91  7:54  SCV x2  
  91  7:55  SCV  
  97  7:58  Marine  
  97  8:01  Marine  
  97  8:02  Marine x2  
  101  8:09  Marine, SCV x3  
  105  8:16  Marine  
  105  8:19  Viking x2, Marine  
  111  8:26  SCV x2  
  114  8:28  Marine  
  112  8:37  Marine  
  112  8:39  SCV  
  112  8:40  Barracks Tech Lab  
  113  8:42  Armory  
  113  8:43  Barracks Tech Lab  
  113  8:47  Barracks  
  112  8:48  Barracks, SCV  
  112  8:49  Viking, Barracks, SCV  
  112  8:51  Siege Tank  
  112  8:54  SCV  
  117  9:03  Marine  
  117  9:08  Supply Depot  
  117  9:10  Supply Depot  
  117  9:12  Supply Depot, Refinery x2  
  117  9:13  Supply Depot  
  116  9:18  Marine  
  117  9:24  Command Center  
  117  9:30  Marine x2  
Show
View Real Time Build Order
Export as new Build Order

llllllllllll Terran 

Build Orders:  

Get SALT Encoding   

  12  0:00  SCV  
  13  0:12  SCV  
  14  0:17  Supply Depot  
  14  0:24  SCV  
  15  0:35  Refinery  
  15  0:39  SCV  
  16  0:44  Barracks  
  16  0:51  SCV  
  16  0:57  Refinery  
  17  1:03  SCV  
  18  1:15  SCV  
  19  1:32  Orbital Command  
  19  1:33  Factory  
  19  1:38  Reaper  
  20  1:44  Supply Depot  
  20  1:58  SCV  
  21  2:10  Reaper, SCV  
  23  2:17  Hellion  
  25  2:26  Command Center  
  25  2:28  SCV  
  26  2:39  Widow Mine  
  26  2:41  Starport  
  26  2:42  Barracks Reactor  
  28  2:46  SCV  
  27  2:58  SCV  
  27  3:01  Hellion  
  22  3:20  SCV  
  22  3:21  Marine x2  
  22  3:39  Marine  
  21  3:42  SCV  
  22  3:49  SCV  
  22  3:55  SCV  
  24  3:59  Marine  
  25  4:04  Marine  
  25  4:05  SCV  
  25  4:10  SCV  
  25  4:16  Widow Mine  
  25  4:17  Marine  
  27  4:26  SCV  
  27  4:27  Marine  
  27  4:28  Starport  
  27  4:37  Marine  
  28  4:38  Factory Tech Lab  
  28  4:39  SCV  
  28  4:41  Orbital Command  
  29  4:51  SCV  
  30  4:52  Marine  
  31  5:01  Marine  
  31  5:03  SCV  
  33  5:07  SCV  
  33  5:12  Factory Tech Lab  
  33  5:14  Marine  
  34  5:15  SCV  
  34  5:16  Raven  
  34  5:19  Marine, SCV  
  40  5:26  Refinery  
  40  5:27  SCV  
  40  5:28  Supply Depot  
  41  5:35  Cyclone  
  44  5:37  SCV  
  44  5:40  SCV  
  46  5:44  Supply Depot  
  46  5:51  Marine  
  47  5:59  SCV x2  
  49  6:06  Raven  
  49  6:07  Supply Depot  
  49  6:08  Marine  
  49  6:11  Marine, SCV  
  52  6:12  SCV  
  55  6:23  SCV  
  55  6:24  Siege Tank, SCV  
  60  6:27  Supply Depot  
  60  6:35  Marine  
  60  6:36  SCV  
  62  6:44  SCV  
  63  6:48  SCV  
  63  6:51  Raven  
  66  6:55  Command Center  
  66  6:56  Refinery, SCV  
  67  7:01  Siege Tank  
  67  7:03  SCV  
  71  7:09  SCV  
  71  7:11  Supply Depot, Marine  
  71  7:12  Marine  
  74  7:15  SCV  
  74  7:22  SCV  
  76  7:28  SCV  
  77  7:32  Supply Depot  
  77  7:33  Supply Depot  
  77  7:34  SCV  
  77  7:36  Siege Tank  
  81  7:41  Viking  
  81  7:43  Viking  
  85  7:45  Marine  
  86  7:53  SCV  
  86  7:55  SCV  
  86  7:58  Supply Depot  
  88  8:05  SCV  
  88  8:08  SCV  
  88  8:10  Orbital Command  
  89  8:13  Siege Tank  
  89  8:14  Viking  
  94  8:20  Viking  
  94  8:22  SCV x2  
  99  8:34  SCV x2  
  99  8:38  SCV  
  99  8:40  Marine  
  100  8:42  Barracks  
  100  8:43  Barracks  
  100  8:44  Viking  
  100  8:46  SCV  
  99  8:54  Viking  
  99  8:55  Siege Tank  
  98  8:57  SCV  
  95  9:07  SCV x2  
  95  9:08  Marine  
  97  9:11  Engineering Bay, SCV  
  97  9:12  Engineering Bay  
  98  9:19  SCV x2  
  98  9:23  SCV  
  101  9:31  Barracks Reactor x2, SCV x2  
Tags
 
Add a new tag
Caveats
  • Supply blocks, unpowered buildings, or Contaminate may cause inaccurate times.
  • Supply counts are checked every 10 seconds.